 Dungeon Crawl Stone Soup version 0.25-a0-178-gc9f82b1288 (webtiles) character file.

Game seed: 588889588191510523, levelgen mode: deterministic

69 vurker the Gusty (level 4, -3/25 HPs)
             Began as a Tengu Air Elementalist on Nov 26, 2019.
             Slain by a worm (6 damage)
             ... on level 2 of the Dungeon.
             The game lasted 00:03:05 (2181 turns).

vurker the Gusty (Tengu Air Elementalist)           Turns: 2181, Time: 00:03:05

Health: -3/25      AC:  2    Str:  7 (9)  XL:     4   Next: 20%
Magic:  0/9        EV: 12    Int: 13 (16) God:
Gold:   50         SH:  0    Dex: 14      Spells: 4/8 levels left

rFire    . . .     SeeInvis .   c - +0 dagger
rCold    . . .     Gourm    .   (no shield)
rNeg     . . .     Faith    .   a - +0 robe
rPois    .         Spirit   .   (helmet restricted)
rElec    .         Reflect  .   (no cloak)
rCorr    .         Harm     .   (no gloves)
MR       .....                  (boots unavailable)
Stlth    ++........             (no amulet)
HPRegen  0.08/turn              (no ring)
MPRegen  0.11/turn              (no ring)

@: very slightly contaminated
A: beak, talons 3
a: no special abilities


You were on level 2 of the Dungeon.
You were not hungry.

You visited 1 branch of the dungeon, and saw 2 of its levels.

You collected 50 gold pieces.

Inventory:

Hand Weapons
 c - a +0 dagger (weapon)
   (You took it off a goblin on level 1 of the Dungeon)
Armour
 a - a +0 robe (worn)
Jewellery
 h - an uncursed ring of ice
   (You found it on level 1 of the Dungeon)
Scrolls
 b - a scroll of enchant armour {unknown}
 d - a scroll of teleportation {unknown}
 f - a scroll of blinking {unknown}
 i - 2 scrolls of remove curse {unknown}
 j - 3 scrolls of identify {unknown}
 k - a scroll of fear {unknown}
 l - a scroll of enchant weapon {unknown}
Potions
 g - a potion of flight {unknown}
Comestibles
 e - 5 rations
 m - 6 chunks of flesh


   Skills:
 + Level 1.0 Fighting
 - Level 2.1 Dodging
 - Level 2.0 Stealth
 * Level 2.7 Spellcasting
 * Level 3.2 Conjurations
 * Level 4.7 Air Magic


You had 4 spell levels left.
You knew the following spells:

 Your Spells              Type           Power        Failure   Level  Hunger
a - Shock                 Conj/Air       ##..         4%          1    #......
b - Static Discharge      Conj/Air       ##......     14%         3    ###....

Your spell library contained the following spells:

 Spells                   Type           Power        Failure   Level  Hunger
 Swiftness                Chrm/Air       #.......     14%         2    ###....
 Airstrike                Air            ##........   32%         4    #####..
 Lightning Bolt           Conj/Air       ##........   77%         5    ######.


Dungeon Overview and Level Annotations

Branches:
Dungeon (2/15)

Altars:
Okawaru


Innate Abilities, Weirdness & Mutations

You have a beak for a mouth.
You have claws for feet.


Message History

Aim: an adder (heavily wounded)
The zap misses the adder.
The zap hits the worm.
The jackal bites you but does no damage.
The adder closely misses you.
Aim: an adder (heavily wounded)
The zap hits the adder.
The zap hits the worm.
The jackal closely misses you. The adder misses you.
The jackal closely misses you. The adder bites you.
Aim: an adder (heavily wounded)
The zap hits the adder.
The zap hits the worm.
The jackal misses you. The adder barely misses you.
Aim: an adder (severely wounded)
The zap hits the adder.
The zap misses the worm.
The jackal closely misses you. The adder bites you.
* * * LOW HITPOINT WARNING * * *
The jackal bites you.
* * * LOW HITPOINT WARNING * * *
You hit the adder but do no damage. The adder barely misses you.
The jackal barely misses you.
You completely miss the adder. The adder barely misses you.
The jackal closely misses you. The adder barely misses you.
You hit the adder. Your kick misses the adder. Your peck misses the adder.
The jackal misses you. The adder barely misses you. The jackal bites you.
* * * LOW HITPOINT WARNING * * *
Aim: an adder (almost dead)
You miscast Shock.
You are very lightly contaminated with residual magic.
Nothing appears to happen.
The adder closely misses you.
The jackal bites you but does no damage.
Aim: an adder (almost dead)
The zap hits the adder.
You kill the adder!
Your Fighting skill increases to level 1!
The zap hits the worm.
The jackal closely misses you.
The jackal bites you but does no damage.
You closely miss the jackal. The jackal closely misses you.
The jackal bites you but does no damage.
The jackal bites you.
* * * LOW HITPOINT WARNING * * *
You don't have enough magic to cast that spell.
You completely miss the jackal. The jackal barely misses you.
You barely miss the jackal. The jackal bites you.
* * * LOW HITPOINT WARNING * * *
The jackal bites you.
* * * LOW HITPOINT WARNING * * *
You hit the jackal. Your kick misses the jackal. The jackal closely misses you.
Aim: a worm (heavily wounded)
The zap hits the worm.
The jackal bites you.
* * * LOW HITPOINT WARNING * * *
The jackal closely misses you. The worm bites you.
You die...

....................##.##.
#....................
#.................#.#
#.................#.#
#..........####.....#
#.............##....#
#..............#..#.#
##.wh.....###..#.....
####..@....#####.......
........................
...##...(#########.##...
##.##.....## ##.##...
#.........# ##...##.#
##........#####..÷..###
##..........#.......#.
##.....###..÷.._.....
##.....#####.......#.


You could see a worm and a jackal.

Vanquished Creatures
  3 adders (D:2)
  A worm (D:2)
  2 leopard geckos
  A ball python (D:1)
  2 giant cockroaches
  3 hobgoblins (D:1)
  4 jackals
  6 bats
  7 frilled lizards
  5 goblins
  2 kobolds (D:1)
  4 rats
40 creatures vanquished.

Notes
Turn   | Place    | Note
-------+----------+-------------------------------------------
     0 | D:1      | vurker the Tengu Air Elementalist began the quest for the
                  | Orb.
     0 | D:1      | Reached XP level 1. HP: 10/10 MP: 4/4
   194 | D:1      | Reached XP level 2. HP: 8/15 MP: 0/6
   885 | D:1      | Reached XP level 3. HP: 20/20 MP: 1/7
  1978 | D:2      | Found an iron altar of Okawaru.
  2020 | D:2      | Reached XP level 4. HP: 24/24 MP: 0/8
  2158 | D:2      | Learned a level 3 spell: Static Discharge
  2171 | D:2      | Reached skill level 1 in Fighting
  2181 | D:2      | Slain by a worm

Levels and vault maps discovered:
D:1:      lightli_arrival_farm, layout_basic
D:2:      layout_rooms, lemuel_round_altar, minmay_tall_x

Skill      XL: |  1  2  3  4 |
---------------+-------------+-----
Conjurations   | 2 3 |  3.2
Fighting       | 1 |  1.0
Dodging        | |  2.1
Stealth        | |  2.0
Spellcasting   | |  2.7
Air Magic      | |  4.7

Action                   |  1- 3 |  4- 6 || total
-------------------------+-------+-------++-------
Melee: Unarmed           |     9 |       ||     9
       Dagger            |    18 |    15 ||    33
       Kick              |     5 |       ||     5
       Peck              |     3 |     1 ||     4
 Cast: Shock             |    69 |    11 ||    80
  Use: Potion            |     1 |       ||     1
 Stab: Sleeping          |     1 |       ||     1
  Eat: Chunk             |     4 |     1 ||     5
Armor: Robe              |    15 |     4 ||    19
Dodge: Dodged            |    31 |    32 ||    63

Table legend:
 A = Non-vault XP
 B = Vault XP
 C = Vault XP percentage of total XP
 D = Non-vault monster count
 E = Vault monster count
 F = Vault count percentage of total count
                 A         B        C        D         E       F
            +---------+---------+-------+---------+---------+-------
      Total |      81 |      18 |  18.2 |      36 |       4 |  10.0
            +---------+---------+-------+---------+---------+-------
        D:1 |      41 |       0 |   0.0 |      28 |       0 |   0.0
        D:2 |      40 |      18 |  31.0 |       8 |       4 |  33.3
            +---------+---------+-------+---------+---------+-------
